 Dungeon Crawl Stone Soup version 0.30-a0-920-g7493c07aab (webtiles) character file.

Game seed: 10787059953549392313

148 Armakuni the Insei (level 5, -2/41 HPs)
             Began as a Human Monk on Mar 21, 2023.
             Slain by an orc wizard
             ... wielding a +4 dagger of holy wrath
              (4 damage)
             ... on level 3 of the Dungeon.
             The game lasted 00:07:02 (1607 turns).

Armakuni the Insei (Human Monk)                     Turns: 1607, Time: 00:07:03

Health: -2/41      AC:  5    Str: 11    XL:     5   Next: 56%
Magic:  5/5        EV: 13    Int: 13    God:
Gold:   68         SH:  0    Dex: 15    Spells: 4/4 levels left

rFire   . . .      SeeInvis .      - Unarmed
rCold   . . .      Faith    .    (no shield)
rNeg    . . .      Spirit   .    a - +0 robe
rPois   .          Reflect  .    (no helmet)
rElec   .          Rampage  .    (no cloak)
rCorr   .                        (no gloves)
Will    .....                    f - +2 pair of boots
Stlth   +                        (no amulet)
HPRegen 0.26/turn                (no ring)
MPRegen 0.09/turn                (no ring)

@: confused, weak-willed
A: no striking features
a: no special abilities


You were on level 3 of the Dungeon.
You visited 1 branch of the dungeon, and saw 4 of its levels.

You collected 68 gold pieces.

Inventory:

Armour
 a - a +0 robe (worn)
 f - a +2 pair of boots (worn)
Scrolls
 c - 2 scrolls of amnesia
 d - a scroll of enchant armour
 g - a scroll of fear
Potions
 h - a potion of cancellation
 j - a potion of brilliance


   Skills:
 - Level 3.0 Fighting
 - Level 3.0 Dodging
 - Level 2.0 Stealth
 + Level 5.8 Unarmed Combat


You had 4 spell levels left.
You didn't know any spells.
Your spell library contained the following spells:

 Spells                   Type           Power      Damage    Failure   Level
 Magic Dart               Conj           0%         1d3       30%         1
 Searing Ray              Conj           0%         2d4       43%         2
 Fulminant Prism          Conj/Hex       0%         3d5       97%         4


Dungeon Overview and Level Annotations

Branches:
Dungeon (4/15)
 Temple: D:4-7

Altars:
Dithmenos
Fedhas
Gozag
Kikubaaqudgha
Qazlal
Sif Muna
Trog
Xom
Zin


Message History

You hear some strange, mumbled words.
Something tries to affect you, but you resist.
You closely miss something. Your punch misses something.
Something barely misses you.
You bump into the stone wall.
You feel sick.
You are no longer poisoned.
You hear some strange, mumbled words.
You are more confused.
You hit something but do no damage. Something hits you.
You barely miss something.
You hear some strange, mumbled words.
You are more confused.
You bump into the stone wall.
Something hits you.
You're too confused to move!
You hear some strange, mumbled words.
A puff of flame appears from out of thin air!
The puff of flame hits you.
Okay, then.
You are too confused!
You are too confused!
Unknown command.
You bump into the stone wall.
Something hits you.
You bump into the stone wall.
Something hits you.
You barely miss something. Something hits you.
* * * LOW HITPOINT WARNING * * *
You bump into the stone wall.
Something hits you.
* * * LOW HITPOINT WARNING * * *
You are too confused!
Okay, then.
You bump into the stone wall.
Something barely misses you.
You bump into the stone wall.
You hear some strange, mumbled words.
You are more confused.
You completely miss something. Your punch misses something.
You barely miss something. Something hits you.
* * * LOW HITPOINT WARNING * * *
You bump into the stone wall.
Something hits you.
* * * LOW HITPOINT WARNING * * *
You barely miss something. Something hits you.
You die...

#. .. .#
.......
#.##.##.#
####.#.
........ ...##
...... .#####
##....## . ..
#......# ##
#..oo.#
###...####
#@##..##)# ###
#{#.o^##.# ...
#o##..##.# ###
#.#....#.# #
#.#....#.#.. .
#.†#..#..#..# .
#...##...#..#
#...##...#..#
#..#..#..#..###
#


You could see an orc.

Vanquished Creatures
  An iguana (D:4)
  5 adders
  2 worms
  3 dart slugs (D:2)
  6 orcs (D:3)
  7 ball pythons
  6 bats
  5 endoplasms
  2 giant cockroaches (D:2)
  4 goblins
  5 hobgoblins
  3 jackals (D:2)
  2 quokkas (D:1)
  2 frilled lizards (D:1)
  2 rats (D:1)
55 creatures vanquished.

Notes
Turn   | Place    | Note
-------+----------+-------------------------------------------
     0 | D:1      | Armakuni the Human Monk began the quest for the Orb.
     0 | D:1      | Reached XP level 1. HP: 18/18 MP: 1/1
   183 | D:1      | Reached XP level 2. HP: 21/24 MP: 2/2
   490 | D:1      | Reached skill level 4 in Unarmed Combat
   490 | D:1      | Reached XP level 3. HP: 27/29 MP: 3/3
  1013 | D:2      | Reached XP level 4. HP: 35/35 MP: 4/4
  1123 | D:2      | You fall into a shaft and drop 2 floors!
  1278 | D:4      | Reached skill level 5 in Unarmed Combat
  1278 | D:4      | Reached XP level 5. HP: 36/41 MP: 5/5
  1408 | D:3      | Found a shimmering blue altar of Sif Muna.
  1409 | D:3      | Found a shadowy altar of Dithmenos.
  1412 | D:3      | Found a blossoming altar of Fedhas.
  1416 | D:3      | Found a bloodstained altar of Trog.
  1417 | D:3      | Found a glowing silver altar of Zin.
  1418 | D:3      | Found a stormy altar of Qazlal.
  1426 | D:3      | Found a shimmering altar of Xom.
  1429 | D:3      | Found an opulent altar of Gozag.
  1431 | D:3      | Found an ancient bone altar of Kikubaaqudgha.
  1606 | D:3      | HP: 2/41 [something (6)]
  1607 | D:3      | Slain by an orc wizard

Illustrated notes

Levels and vault maps discovered:
D:1:      evilmike_arrival_fibonacci_small, layout_loops_ring,
          nicolae_concentric_dashed_squares_wild, nicolae_wormholes
D:2:      layout_rooms, minmay_surrounded
D:3:      layout_loops_ring, nicolae_overflow_hallway_of_the_gods,
          nicolae_half_adder
D:4:      lemuel_castle_with_subvaults [lemuel_castle_interior_carwin_1],
          layout_loops_ring, okawaru_ov_weapons_minmay

Skill      XL: |  1  2  3  4 |
---------------+-------------+-----
Unarmed Combat | 4 5 |  5.8
Fighting       | |  3.0
Dodging        | |  3.0
Stealth        | |  2.0

Action                     |  1- 3 |  4- 6 || total
---------------------------+-------+-------++-------
  Melee: Unarmed           |    91 |   122 ||   213
         Punch             |     1 |     7 ||     8
    Use: Scroll            |     3 |     4 ||     7
         Potion            |       |     1 ||     1
   Stab: Sleeping          |     7 |     1 ||     8
 Armour: Robe              |    17 |    16 ||    33
  Dodge: Dodged            |    62 |    75 ||   137

Table legend: (Time is in decaauts)
 A = Elapsed time spent in this place.
 B = Non-inter-level travel time spent in this place.
 C = Inter-level travel time spent in this place.
 D = Time resting spent in this place.
 E = Time spent auto-exploring this place.
 F = Levels seen in this place.
 G = Mean time per level.
                   A        B        C        D        E       F      G
               +--------+--------+--------+--------+--------+-----+--------+
         Total |   1588 |   1542 |     46 |      0 |    954 |   4 |  397.0 |
       Dungeon |   1588 |   1542 |     46 |      0 |    954 |   4 |  397.0 |
               +--------+--------+--------+--------+--------+-----+--------+

Top non-repeatable levels by time:
     D:1: 761 daAuts
     D:2: 353 daAuts
     D:3: 323 daAuts
     D:4: 150 daAuts
